 Dungeon Crawl Stone Soup version 0.29.0-7-g18a832c13a (webtiles) character file.

Game seed: 4822789768929263010

637 ProzacElf the Slasher (level 7, -19/50 HPs)
             Began as a Djinni Chaos Knight on Aug 30, 2022.
             Was a Plaything of Xom.
             Demolished by an ogre
             ... wielding a +0 giant club
              (24 damage)
             ... on level 5 of the Dungeon.
             The game lasted 00:08:38 (3758 turns).

ProzacElf the Slasher (Djinni Chaos Knight)         Turns: 3758, Time: 00:08:38

Health: -19/50     AC:  7    Str: 13 (15) XL:     7   Next: 80%
Gold:   310        EV: 12    Int: 10 (12) God:    Xom [.....*] SH:  0 Dex: 12 (14)

rFire   + + .      SeeInvis +   a - +0 falchion (chaos)
rCold   x . .      Faith    .   (no shield)
rNeg    . . .      Spirit   .   j - +0 ring mail
rPois   ∞          Reflect  .   (helmet restricted)
rElec   .          Harm     .   (no cloak)
rCorr   .          Rampage  .   (no gloves)
Will    +....                   (boots unavailable)
Stlth   +.........              (no amulet)
HPRegen 0.96/turn               C - ring of Kuked {Will+ SInv}
MPRegen 0.00/turn               (no ring)

@: mighty, flying, studying Invocations
A: sickness immunity, fire resistance 2, cold vulnerability 1, float, innate
caster, HP casting, extra vitality 1, horns 2, iridescent scales 1, regeneration
1, strong 1
a: Renounce Religion


You were on level 5 of the Dungeon.
You worshipped Xom.
You were Xom's teddy bear.
You visited 2 branches of the dungeon, and saw 6 of its levels.

You collected 310 gold pieces.

Inventory:

Hand Weapons
 a - a +0 falchion of chaos (weapon)
 b - a +0 dagger of venom
 B - a +2 short sword of speed
Missiles
 m - 8 poisoned darts
Armour
 j - a +0 ring mail (worn)
 p - a +2 leather armour
 y - a +0 plate armour
 z - a +0 kite shield
Jewellery
 C - the ring of Kuked (left hand) {Will+ SInv}
   (You found it on level 5 of the Dungeon)

   [ring of see invisible]

   SInv:      It lets you see invisible.
   Will:      It increases your willpower.
Wands
 u - a wand of flame (24)
Scrolls
 d - 4 scrolls of teleportation {unknown}
 e - 2 scrolls of amnesia {unknown}
 h - 2 scrolls of butterflies {unknown}
 k - 10 scrolls of identify {unknown}
 l - 3 scrolls of noise {unknown}
 n - 2 scrolls of blinking {unknown}
 q - a scroll of enchant weapon {unknown}
 r - a scroll of silence {unknown}
 s - a scroll of poison {unknown}
 D - a scroll of fear {unknown}
Potions
 g - a potion of brilliance
 i - a potion of attraction
 o - 2 potions of degeneration
 w - a potion of berserk rage {unknown}
 x - a potion of heal wounds {unknown}
 A - a potion of mutation {unknown}
Miscellaneous
 c - a piece from Xom's chessboard (15/15) (quivered)


   Skills:
 - Level 3.0 Fighting
 + Level 6.1 Long Blades
 - Level 1.0 Armour
 - Level 5.0 Dodging
 + Level 3.9 Invocations


You couldn't memorise any spells.
You knew the following spells:

 Your Spells              Type           Power      Damage    Failure   Level
a - Beastly Appendage     Tmut           0%         N/A       63%         1
b - Poisonous Vapours     Pois/Air       0%         N/A       77%         2
w - Swiftness             Air            0%         N/A       94%         3
Your spell library was empty.

Dungeon Overview and Level Annotations

Branches:
Dungeon (5/15)             Temple (1/1) D:4

Altars:
Ashenzari
Cheibriados
Dithmenos
Elyvilon
Fedhas
Gozag
Makhleb
Nemelex Xobeh
Okawaru
Qazlal
Ru
Trog
Uskayaw
Wu Jian
Xom
Yredelemnul

Annotations:
D:5 2 runed translucent doors, Rudyous's ghost, novice DsGl


Innate Abilities, Weirdness & Mutations

You are immune to sickness and miasma.
You are immune to poison.
Your flesh is very heat resistant. (rF++)
You are vulnerable to cold. (rC-)
You float through the air rather than walking.
You learn spells naturally, not from books.
Your magical power is your life essence.
You have superior vitality. (+4 MHP)
You have a pair of horns on your head.
You are partially covered in iridescent scales. (AC +2)
Your natural rate of healing is unusually fast.
Your muscles are strong. (Str +4, Int/Dex -1)


Message History

Xom roars wit' laughter!
Tha phantom hits ye but does nay damage.
Tha gnoll hits ye from afar wit' a +0 spear.
* * * LOW HITPOINT WARNIN'
* * * Tha ogre barely misses ye.
Ye take 2 damage, an' haf 10/50 hp.
It was a potion o' brilliance.
Ye feel cle'er all o' a sudd'n.
Tha gnoll closely misses ye.
Tha phantom hits ye but does nay damage.
It was a potion o' attraction.
Ye feel attractive ta monsters.
Tha phantom hits ye but does nay damage.
Tha gnoll hits ye but does nay damage.
Tha ogre barely misses ye.
It was a potion o' curin'.
Ye feel better.
Tha phantom hits ye but does nay damage.
Tha gnoll hits ye from afar wit' a +0 spear.
Tha ogre hits ye wit' a +0 giant club!
* * * LOW HITPOINT WARNIN'
* * * Ye take 4 damage, an' haf 8/50 hp.
It was a potion o' cancellation.
Yer magical effects be unravellin'.
Ye feel magic'lly purged.
Xom roars wit' laughter!
Ye feel a little less cle'er now.
Tha phantom hits ye.
* * * LOW HITPOINT WARNIN'
* * * Tha gnoll barely misses ye.
Ye feel less attractive ta monsters.
Ye take 5 damage, an' haf 3/50 hp.
It was a potion o' might.
Ye feel very mighty all o' a sudd'n.
Tha phantom hits ye but does nay damage.
Tha ogre barely misses ye.
Tha gnoll barely misses ye.
Ye slash tha ogre!
Tha ogre be poison'd.
Ye headbutt tha ogre!
Tha ogre be severely wounded.
Tha gnoll closely misses ye.
Tha phantom hits ye but does nay damage.
Tha ogre hits ye wit' a +0 giant club!!
Ye die...
Xom bursts inta laughter!

.###...........# #.#
#...........# #.#
###....###### #.# ####.##
#.# #..##### #.# ##.....#
#.# #####.# #.#
#.########## #####..
#..W@§.....# #..##..#
####O§####.# #~.#...
########.g§### #~≈8.#...
#............# #.(≈..+...
#...8####8..!# ##.~#.+...
#...'..O§'...# #~..≈.#...
#...8#.g#8...# ###...#..#
#.####''####...##≈##.#...
#.# #..# #...#########.


You could see an ogre (very poisoned), a phantom (agile) and a gnoll.

Vanquished Creatures
  An ogre (D:5)
  A scorpion (D:5)
  A hound (D:5)
  An orc priest (D:5)
  5 adders
  2 gnolls (D:5)
  An ufetubus (D:5)
  2 dart slugs
  8 orcs
  8 bats
  8 endoplasms
  3 giant cockroaches
  6 goblins
  3 hobgoblins
  4 quokkas
  8 ball pythons
  2 frilled lizards
  11 kobolds
  7 rats
82 creatures vanquished.

Vanquished Creatures (collateral kills)
  Grinder (D:4)
  An ogre (D:4)
  2 orcs (D:4)
4 creatures vanquished.

Grand Total: 86 creatures vanquished

Notes
Turn   | Place    | Note
-------+----------+-------------------------------------------
     0 | D:1      | ProzacElf the Djinni Chaos Knight began the quest for the
                  | Orb.
     0 | D:1      | Reached XP level 1. HP: 20/20 MP: 0/0
   154 | D:1      | Reached XP level 2. HP: 25/25 MP: 0/0
   211 | D:1      | XOM: divination: magic mapping
   268 | D:1      | Reached skill level 3 in Long Blades
   443 | D:1      | XOM: noise
  1071 | D:2      | Reached XP level 3. HP: 30/30 MP: 0/0
  1071 | D:2      | Learned a level 1 spell: Beastly Appendage
  1096 | D:2      | Found an ornate altar of the Wu Jian Council.
  1121 | D:2      | XOM: give mutation
  1121 | D:2      | Gained mutation: Your natural rate of healing is unusually
                  | fast. [Xom's mischief]
  1402 | D:2      | Reached XP level 4. HP: 35/35 MP: 0/0
  1516 | D:2      | XOM: summons 3 hostile demons
  1517 | D:2      | Noticed a chaos spawn
  1691 | D:2      | XOM: stat loss: -1 Dex (14/15)
  1750 | D:2      | XOM: stat loss: -1 Dex (13/15)
  1863 | D:3      | XOM: silly message
  1994 | D:3      | XOM: scenery: create altars
  2327 | D:4      | XOM: 1-stop teleportation journey
  2370 | D:4      | Reached XP level 5. HP: 21/40 MP: 0/0
  2370 | D:4      | Learned a level 2 spell: Poisonous Vapours
  2432 | D:4      | Noticed an ogre
  2450 | D:4      | XOM: summons friendly red devil
  2452 | D:4      | XOM: smoke on damage
  2452 | D:4      | Killed an ogre
  2453 | D:4      | Reached skill level 4 in Long Blades
  2465 | D:4      | Noticed Grinder
  2484 | D:4      | XOM: cast spell 'Summon Cactus Giant'
  2494 | D:4      | Killed Grinder
  2495 | D:4      | Reached skill level 5 in Long Blades
  2495 | D:4      | Reached skill level 5 in Dodging
  2495 | D:4      | Reached XP level 6. HP: 46/46 MP: 0/0
  2495 | D:4      | Reached XP level 7. HP: 50/50 MP: 0/0
  2495 | D:4      | Learned a level 3 spell: Swiftness
  2558 | D:4      | XOM: 9-stop teleportation journey
  2625 | D:4      | Found a staircase to the Ecumenical Temple.
  2630 | Temple   | Entered the Ecumenical Temple
  2630 | Temple   | Found a transporter.
  2630 | Temple   | Found a transporter.
  2632 | Temple   | Found a transporter.
  2632 | Temple   | Found a transporter.
  2654 | Temple   | XOM: give mutation
  2654 | Temple   | Gained mutation: You have a pair of small horns on your
                  | head. [Xom's grace]
  2848 | D:4      | Found a bloodstained altar of Trog.
  3054 | D:4      | XOM: scenery: create altars
  3137 | D:4      | XOM: give mutations
  3137 | D:4      | Gained mutation: Your muscles are strong. (Str +4, Int/Dex
                  | -1) [Xom's grace]
  3137 | D:4      | Gained mutation: You have a pair of horns on your head.
                  | [Xom's grace]
  3137 | D:4      | Gained mutation: You are partially covered in iridescent
                  | scales. (AC +2) [Xom's grace]
  3375 | D:4      | XOM: god gift: wand of flame (10)
  3405 | D:5      | Entered Level 5 of the Dungeon
  3407 | D:5      | Identified the ring of Kuked {Will+ SInv}
  3588 | D:5      | Found a large runed translucent door.
  3589 | D:5      | Found a large runed translucent door.
  3591 | D:5      | Noticed Rudyous's ghost (novice DsGl)
  3608 | D:5      | XOM: cloud trail
  3686 | D:5      | Reached skill level 6 in Long Blades
  3716 | D:5      | Found a large runed translucent door.
  3717 | D:5      | Found a large runed translucent door.
  3751 | D:5      | XOM: smoke on damage
  3758 | D:5      | Demolished by an ogre

Illustrated notes

Levels and vault maps discovered:
D:1:      evilmike_arrival_grusome_pit, layout_basic
D:2:      layout_basic, basic_altar
D:3:      layout_basic
D:4:      layout_basic, trog_butcher_becter, temple_doors_e, uniq_grinder
D:5:      layout_basic, jmf_multi_god_temple2, ebering_ghost_disaster_area
Temple:   hellmonk_temple_divided_pantheon

Skill      XL: |  1  2  3  4  5  6  7 |
---------------+----------------------+-----
Long Blades    | 3 5 6 |  6.1
Dodging        | 3 4 5 |  5.0
Invocations    | 3 |  3.9
Fighting       | |  3.0
Armour         | |  1.0

Action                   |  1- 3 |  4- 6 |  7- 9 || total
-------------------------+-------+-------+-------++-------
Melee: Falchion          |   115 |    97 |    73 ||   285
       Punch             |     1 |     1 |     3 ||     5
       Short sword       |     7 |       |       ||     7
       Headbutt          |       |       |    15 ||    15
       Dagger            |       |       |     3 ||     3
  Use: Potion            |       |       |     6 ||     6
 Stab: Paralysed         |       |       |     3 ||     3
Armor: Leather armour    |    17 |       |       ||    17
       Ring mail         |    51 |    25 |    20 ||    96
Dodge: Dodged            |    92 |    60 |    56 ||   208
